[Event "25th European Club Cup Women 2021"]
[Site "Struga"]
[Date "2021.09.21"]
[Round "4.9"]
[White "Saduakassova, Dinara"]
[Black "Radeva, Viktoria"]
[Result "1-0"]
[ECO "A07"]
[WhiteElo "2489"]
[BlackElo "2350"]
[Annotator "ChessBase"]
[PlyCount "77"]
[EventDate "2021.09.18"]
[EventType "team-tourn"]
[EventCountry "MKD"]
[SourceTitle "playchess.com"]
[Source "ChessBase"]
[SourceQuality "1"]
[TimeControl "40/5400+30:1800+30"]

1. Nf3 d5 2. g3 c6 3. Bg2 Bg4 4. d3 e6 5. O-O Bd6 6. e4 Ne7 7. Nbd2 O-O 8.
Qe1 Nd7 9. Nh4 Bh5 10. h3 Ng6 11. Nxg6 Bxg6 12. f4 f6 13. Kh1 Qc7 14. Nf3 Rae8 15. Nh4 Bf7 16. Qe2 f5 17. Bd2 Be7 18. Nf3 Bh5 19. Bc3 Bf6 20. e5 Bd8 21. Qf2 c5 22. Nh2 b5 23. Bd2 h6 24. g4 fxg4 25.
hxg4 Bg6 26. Qg3 Bh7 27. Rae1 Kh8 28. Nf3 Nb6 29. Bh3 d4 30. g5 Qf7 31. Nh4 Qe7 32. Rg1 Rg8 33. Bg2 Ref8 34. Re2 Nd5 35. Be4 Ne3 36. Bxe3 dxe3 37. g6 Qxh4+ 38. Qxh4 Bxh4 39. gxh7 1-0

[Event "25th European Club Cup Women 2021"]
[Site "Struga"]
[Date "2021.09.21"]
[Round "4.10"]
[White "Mehmed, Elif"]
[Black "Badelka, Olga"]
[Result "0-1"]
[ECO "C54"]
[WhiteElo "2260"]
[BlackElo "2422"]
[Annotator "ChessBase"]
[PlyCount "148"]
[EventDate "2021.09.18"]
[EventType "team-tourn"]
[EventCountry "MKD"]
[SourceTitle "playchess.com"]
[Source "ChessBase"]
[SourceQuality "1"]
[TimeControl "40/5400+30:1800+30"]

1. e4 e5 2. Nf3 Nc6 3. Bc4 Bc5 4. O-O Nf6 5. d3 h6 6. Nbd2 d6 7. c3 O-O 8. Re1 Bb6 9. Bb3 a5 10. Nf1 Be6 11. Ba4 Ne7 12. h3 Ng6 13.
d4 c6 14. Ng3 Qc7 15. Be3 Rad8 16. Qc2 Rfe8 17. Rad1 Bc4 18. Qb1 Ra8 19. Bc2 Be6 20. Bd3 a4 21. b3 axb3 22. axb3 c5 23. Bb5 Red8 24. d5 Bd7 25. Bxd7 Rxd7 26. Nd2 Ba5 27. b4 cxb4 28. cxb4 Bb6 29. Rc1 Qd8 30. Bxb6 Qxb6 31. b5 Nf4 32. Nc4 Qd8 33. Nf5 g6 34. Nfe3 Rc7 35. Kh2 Rc5 36. g3 N4h5 37. Nd2 Nd7 38. Nec4 Nb6 39. Nxb6 Qxb6 40. Rxc5 Qxc5 41. Kg2 Rc8 42. Qd3 Nf6 43. Qe3 Kg7 44. Qxc5 Rxc5 45. b6 Rc2 46. Rd1 Nd7 47. Kf3 Nxb6 48. Ke3 Na4 49. Rb1 Rb2 50. Rxb2 Nxb2 51. Nb1 Kf6 52. Na3 Ke7 53. g4 Na4 54. Nb5 Nc5 55. f3 Kd7 56. Kd2 Na6 57. Kc3 Nc7 58. Kb4 Nxb5 59. Kxb5 Kc7 60. h4 b6 61. g5 hxg5 62. hxg5 Kb7 63. Kb4 Ka6 64. Ka4 b5+ 65. Kb4 Kb6 66. Kb3 Kc5 67. Kc3 b4+ 68. Kd3 Kb5 69. Kd2 Kc4 70. Kc2 b3+ 71. Kb2 Kb4 72. Kb1 Kc3 73. Kc1 b2+ 74. Kb1 Kb3 0-1

[Event "25th European Club Cup Women 2021"]
[Site "Struga"]
[Date "2021.09.21"]
[Round "4.12"]
[White "Manova, Ivana"]
[Black "Solozhenkina, Elizaveta"]
[Result "0-1"]
[ECO "C02"]
[WhiteElo "1779"]
[BlackElo "2311"]
[Annotator "ChessBase"]
[PlyCount "182"]
[EventDate "2021.09.18"]
[EventType "team-tourn"]
[EventCountry "MKD"]
[SourceTitle "playchess.com"]
[Source "ChessBase"]
[SourceQuality "1"]
[TimeControl "40/5400+30:1800+30"]

1. e4 e6 2. d4 d5 3. e5 c5 4. c3 Qb6 5. Nf3 Nc6 6. Bd3 Bd7 7. O-O a5 8. Bc2 cxd4 9. cxd4 Nb4 10. Ba4 Bxa4 11. Qxa4+ Qc6 12. Qxc6+ bxc6 13.
a3 Nd3 14. Rd1 Nxc1 15. Rxc1 Kd7 16. b3 Nh6 17. Nc3 Be7 18.
Na4 Rhb8 19. Rc3 Rb5 20. Ne1 Nf5 21. Nc2 h5 22. h3 g5 23. g4 hxg4 24. hxg4 Nh4 25. Ne1 Rab8 26. Nd3 Nf3+ 27. Kg2 Nxd4 28. Nac5+ Bxc5 29. Nxc5+ Ke7 30. b4 Ne2 31. Rc2 Nf4+ 32. Kg1 Ra8 33. Nb3 axb4 34. Nd4 Rb7 35. Rb1 Rxa3 36. Rxb4 Rxb4 37. Nxc6+ Kd7 38. Nxb4 Ra4 39. Rb2 Ng6 40. Nd3 Rxg4+ 41. Kh2 Ke7 42. f3 Rd4 43. Rb3 Nf4 44. Nf2 Rd2 45. Rb7+ Kf8 46. Kg1 Kg7 47. Ng4 Ng6 48. Kf1 Ra2 49. Rb8 Ra3 50. Ke2 Nh4 51. Nf6 Nxf3 52. Rg8+ Kh6 53. Ng4+ Kh5 54. Nf6+ Kh4 55. Kf2 Kh3 56. Rg7 Nh4 57. Rxg5 Rf3+ 58. Ke2 d4 59. Ng4 d3+ 60. Kd2 Nf5 61. Nf6 Ng3 62. Rg7 Nf1+ 63. Kd1 d2 64. Ne4 Re3 65. Nxd2 Nxd2 66. Kxd2 Rf3 67. Ke2 Rf5 68. Kd3 Kh4 69. Kd4 Kh5 70. Ke4 Kh6 71. Rg4 Rg5 72. Rf4 Kg6 73. Rf6+ Kg7 74. Rf4 Rg1 75. Kd4 Ra1 76. Rg4+ Kf8 77. Ke3 Ra3+ 78. Kf2 Ke7 79. Rb4 Ra5 80. Re4 Kd7 81. Rf4 Ke7 82. Re4 Ra3 83. Rb4 Kf8 84. Rg4 Ra5 85. Re4 Kg7 86. Rg4+ Kh6 87. Rf4 Kg6 88. Rg4+ Kf5 89. Rg7 Ra7 90. Ke3 Kxe5 91. Rg5+ f5 0-1

[Event "25th European Club Cup Women 2021"]
[Site "Struga"]
[Date "2021.09.21"]
[Round "4.13"]
[White "Goryachkina, Aleksandra"]
[Black "Unuk, Laura"]
[Result "1-0"]
[ECO "D45"]
[WhiteElo "2608"]
[BlackElo "2389"]
[Annotator "ChessBase"]
[PlyCount "73"]
[EventDate "2021.09.18"]
[EventType "team-tourn"]
[EventCountry "MKD"]
[SourceTitle "playchess.com"]
[Source "ChessBase"]
[SourceQuality "1"]
[TimeControl "40/5400+30:1800+30"]

1. c4 c6 2. Nf3 d5 3. d4 Nf6 4. Nc3 e6 5. e3 Nbd7 6. Qc2 Bd6 7. b3 b6 8. Be2 Bb7 9. O-O O-O 10. Bb2 Re8 11. Rfe1 Rc8 12. Rad1 c5 13. dxc5 Nxc5 14. cxd5 exd5 15. Qb1 a6 16. h3 Qe7 17. Qa1 b5 18. Bd3 Nce4 19. Ne2 Bb4 20. Rf1 Red8 21. Bxe4 dxe4 22. Nfd4 Nd5 23. a3 Bc5 24. Nf5 Qg5 25. Neg3 f6 26. b4 Bb6 27. Qb1 Rc4 28. Rd2 Kf8 29. Rfd1 h5 30. h4 Qg4 31. Qa1 Rd7 32. Bxf6 gxf6 33. Rxd5 Bxd5 34. Qxf6+ Rf7 35. Qd6+ Ke8 36. Qxd5 Rfc7 37. Qe6+ 1-0

[Event "25th European Club Cup Women 2021"]
[Site "Struga"]
[Date "2021.09.21"]
[Round "4.14"]
[White "Cvitan, Ena"]
[Black "Dzagnidze, Nana"]
[Result "0-1"]
[ECO "E49"]
[WhiteElo "2284"]
[BlackElo "2525"]
[Annotator "ChessBase"]
[PlyCount "110"]
[EventDate "2021.09.18"]
[EventType "team-tourn"]
[EventCountry "MKD"]
[SourceTitle "playchess.com"]
[Source "ChessBase"]
[SourceQuality "1"]
[TimeControl "40/5400+30:1800+30"]

1. d4 Nf6 2. c4 e6 3. Nc3 Bb4 4. e3 O-O 5. Bd3 c5 6. Nge2 d5 7. a3 Bxc3+ 8.
bxc3 dxc4 9. Bxc4 Qc7 10. Bd3 b6 11. O-O e5 12. e4 cxd4 13.
cxd4 exd4 14. Bf4 Qd7 15. a4 Ba6 16. a5 b5 17. Qb1 h6 18.
Rd1 Nc6 19. Bxb5 Bxb5 20. Qxb5 Rfd8 21. Ng3 d3 22. a6 Rac8 23. h3 Qe6 24. Rxd3 Nd4 25. Qb1 Rd7 26. Kh2 h5 27. Ra4 Rcd8 28. Be3 Nf3+ 29. gxf3 Rxd3 30. Qc2 g6 31. h4 R3d6 32. Qc7 Qd7 33. Qxd7 Nxd7 34. Bxa7 Ra8 35. Be3 Rdxa6 36. Rxa6 Rxa6 37. Kg2 Ne5 38. Bd4 Nd3 39. Ne2 Ra2 40. Ng1 f5 41. Be3 Ra4 42. exf5 gxf5 43. Bg5 f4 44. Kf1 Kf7 45. Nh3 Ke6 46. Ke2 Rd4 47. Bh6 Kf5 48.
Bg5 Ne5 49. Bh6 Ra4 50. Bg5 Ra2+ 51. Kf1 Nxf3 52. Bxf4 Kg4 53. Kg2 Nxh4+ 54. Kh2 Ra3 55. Bg3 Nf5 0-1

[Event "25th European Club Cup Women 2021"]
[Site "Struga"]
[Date "2021.09.21"]
[Round "4.15"]
[White "Cramling, Pia"]
[Black "Urh, Zala"]
[Result "1/2-1/2"]
[ECO "E03"]
[WhiteElo "2455"]
[BlackElo "2234"]
[Annotator "ChessBase"]
[PlyCount "74"]
[EventDate "2021.09.18"]
[EventType "team-tourn"]
[EventCountry "MKD"]
[SourceTitle "playchess.com"]
[Source "ChessBase"]
[SourceQuality "1"]
[TimeControl "40/5400+30:1800+30"]

1. d4 Nf6 2. c4 e6 3. Nf3 d5 4. g3 dxc4 5. Qa4+ Nbd7 6. Bg2 a6 7. Qxc4 b5 8. Qc2 Bb7 9. O-O c5 10. a4 Rc8 11. axb5 axb5 12. Qb3 b4 13.
dxc5 Bxc5 14. Be3 Bd5 15. Qd3 Qb6 16. Bxc5 Nxc5 17. Qe3 O-O 18. Nbd2 Rfd8 19. h3 b3 20. Rfc1 Qb4 21. Qc3 Qb7 22. Qa5 Nce4 23. Nxe4 Bxe4 24. Rxc8 Rxc8 25. Rd1 h6 26. Ne1 Bxg2 27. Nxg2 Rc2 28. Qa3 Rxe2 29. Rd8+ Kh7 30. Qf8 Rxb2 31. Qh8+ Kg6 32. Rd1 Rxf2 33. Kxf2 Qa7+ 34. Kf3 Qb7+ 35. Kf2 Qa7+ 36. Kf3 Qb7+ 37. Kf2 Qa7+ 1/2-1/2

[Event "25th European Club Cup Women 2021"]
[Site "Struga"]
[Date "2021.09.21"]
[Round "4.16"]
[White "Janzelj, Lara"]
[Black "Paehtz, Elisabeth"]
[Result "0-1"]
[ECO "A41"]
[WhiteElo "2186"]
[BlackElo "2465"]
[Annotator "ChessBase"]
[PlyCount "102"]
[EventDate "2021.09.18"]
[EventType "team-tourn"]
[EventCountry "MKD"]
[SourceTitle "playchess.com"]
[Source "ChessBase"]
[SourceQuality "1"]
[TimeControl "40/5400+30:1800+30"]

1. d4 d6 2. Nf3 g6 3. c4 Bg7 4. Nc3 e5 5. g3 Nc6 6. dxe5 Nxe5 7. Nxe5 Bxe5 8.
Bg2 Ne7 9. O-O O-O 10. Bg5 c6 11. Ne4 f6 12. Bh6 Rf7 13. Rb1 d5 14. cxd5 cxd5 15. Nc5 Bf5 16. Nd3 Bd4 17. Bf4 g5 18. Bd2 Qb6 19. Qa4 Bxd3 20.
exd3 Be5 21. Rfe1 Qc6 22. Qb3 Rd8 23. Ba5 b6 24. Bb4 Nf5 25.
Rbc1 Qb5 26. a4 Nd4 27. Qa3 Qd7 28. Bc3 Qf5 29. Re3 g4 30.
Qb4 Nc6 31. Qb5 d4 32. Re4 dxc3 33. bxc3 Qg5 34. Rce1 Bxc3 35. Qc4 Bxe1 36. Rxg4 Ne5 37. Rxg5+ fxg5 38. Qe6 Bxf2+ 39. Kh1 Bd4 40.
Qh6 Rg7 41. Bd5+ Kh8 42. Qe6 Rf7 43. Bg2 Kg7 44. h4 g4 45. h5 h6 46. Kh2 Rdd7 47. Qb3 Rf5 48. Be4 Rf2+ 49. Bg2 Rc7 50. Qa3 Rcc2 51. Qe7+ Nf7 0-1

[Event "25th European Club Cup Women 2021"]
[Site "Struga"]
[Date "2021.09.22"]
[Round "5.1"]
[White "Unuk, Laura"]
[Black "Bivol, Alina"]
[Result "1-0"]
[ECO "D35"]
[WhiteElo "2389"]
[BlackElo "2385"]
[Annotator "NA"]
[PlyCount "67"]
[EventDate "2021.09.18"]
[EventType "team-tourn"]
[EventCountry "MKD"]
[SourceTitle "playchess.com"]
[Source "ChessBase"]
[SourceQuality "1"]
[TimeControl "40/5400+30:1800+30"]

1. d4 d5 2. c4 e6 3. Nc3 Nf6 4. cxd5 exd5 5. Bg5 Be7 6. e3 c6 7. Bd3 Nbd7 8. h3 g6 9. Bh6 Bf8 10. Bxf8 Kxf8 11. b4 Ne8 12. Nf3 Nd6 13. O-O a6 14. a4 g5 15. Ne5 h5 16. f4 g4 17. Kh2 Nf6 18.
f5 Bd7 19. Rf4 Qc7 20. Qe1 Rh6 21. Qh4 Kg7 22. Rc1 Qd8 23. Kg1 gxh3 24. gxh3 Kh7 25. Kh1 b6 26. Rg1 Ra7 27. Rf2 Qf8 28. Rg5 Kh8 29. Rfg2 Be8 30. Ne2 c5 31. bxc5 bxc5 32. Nf4 Ra8 33. Nxd5 Nxd5 34. Rxh5 1-0

[Event "25th European Club Cup Women 2021"]
[Site "Struga"]
[Date "2021.09.22"]
[Round "5.2"]
[White "Heinemann, Josefine"]
[Black "Cvitan, Ena"]
[Result "*"]
[ECO "B10"]
[WhiteElo "2292"]
[BlackElo "2284"]
[Annotator "NA"]
[PlyCount "66"]
[EventDate "2021.09.18"]
[EventType "team-tourn"]
[EventCountry "MKD"]
[SourceTitle "playchess.com"]
[Source "ChessBase"]
[SourceQuality "1"]
[TimeControl "40/5400+30:1800+30"]

1. e4 c6 2. Nf3 d5 3. d3 Qc7 4. exd5 cxd5 5. c4 Nf6 6. Nc3 e6 7. g3 a6 8. Bf4 Bd6 9. Bxd6 Qxd6 10. Bg2 O-O 11. O-O Nc6 12. a3 d4 13.
Nb1 a5 14. Nbd2 e5 15. Re1 Re8 16. Qc2 Bf5 17. Ng5 Rac8 18. Rab1 b6 19. Nge4 Nxe4 20. Nxe4 Bxe4 21. Bxe4 g6 22. b4 axb4 23. axb4 Kg7 24. Qa4 Ne7 25. Qb5 Qc7 26. Ra1 Nf5 27. Bg2 Nd6 28. Qd5 Rcd8 29. Ra6 Re6 30. Rea1 Nc8 31. Qb5 f5 32. c5 Kf6 33. cxb6 Nxb6 *

[Event "25th European Club Cup Women 2021"]
[Site "Struga"]
[Date "2021.09.22"]
[Round "5.3"]
[White "Urh, Zala"]
[Black "Dordzhieva, Dinara"]
[Result "0-1"]
[ECO "D38"]
[WhiteElo "2234"]
[BlackElo "2303"]
[Annotator "NA"]
[PlyCount "56"]
[EventDate "2021.09.18"]
[EventType "team-tourn"]
[EventCountry "MKD"]
[SourceTitle "playchess.com"]
[Source "ChessBase"]
[SourceQuality "1"]
[TimeControl "40/5400+30:1800+30"]

1. d4 Nf6 2. c4 e6 3. Nf3 d5 4. Nc3 Bb4 5. Qa4+ Nc6 6. e3 O-O 7. Qc2 a6 8. Bd2 dxc4 9. Bxc4 Bd6 10. O-O e5 11. h3 exd4 12. exd4 b5 13. Be2 Nb4 14. Qd1 Bf5 15. a3 Nbd5 16. Ne5 Nxc3 17. Bxc3 Nd5 18. Ba5 Qg5 19. Bf3 Be6 20. Rc1 Rac8 21. Re1 Nf4 22. Kh1 Qh4 23. Kg1 Rfd8 24. d5 Bf5 25. Bc3 Bc5 26. Qd2 f6 27. Nc6 Nxh3+ 28. Kf1 Bd3+ 0-1

[Event "25th European Club Cup Women 2021"]
[Site "Struga"]
[Date "2021.09.22"]
[Round "5.4"]
[White "Trippold, Denise"]
[Black "Janzelj, Lara"]
[Result "1/2-1/2"]
[ECO "A55"]
[WhiteElo "2046"]
[BlackElo "2186"]
[Annotator "NA"]
[PlyCount "83"]
[EventDate "2021.09.18"]
[EventType "team-tourn"]
[EventCountry "MKD"]
[SourceTitle "playchess.com"]
[Source "ChessBase"]
[SourceQuality "1"]
[TimeControl "40/5400+30:1800+30"]

1. c4 Nf6 2. d4 d6 3. Nf3 c6 4. Nc3 Nbd7 5. e4 e5 6. d5 Be7 7. Be2 O-O 8. O-O Nc5 9. Qc2 a5 10. Be3 Qc7 11. Nd2 Ng4 12. Bxg4 Bxg4 13. a3 Na6 14. Rfc1 f5 15. exf5 Bxf5 16. Nde4 Qd7 17. Rd1 c5 18. f3 Qe8 19. Qe2 Qg6 20. Bd2 Rf7 21. Na4 Bd8 22. Nac3 Nc7 23. b3 Ne8 24. b4 axb4 25. axb4 Rxa1 26. Rxa1 cxb4 27. Ra8 Rd7 28. Na4 Bxe4 29. fxe4 b3 30. Bc3 Kf7 31. c5 dxc5 32. Bxe5 Re7 33. Qf2+ Kg8 34. Rxd8 Rxe5 35. d6 Qg5 36. Rc8 Qc1+ 37. Qf1 Qd2 38. Qc4+ Kf8 39. Qf1+ Kg8 40. Qc4+ Kf8 41. Qf1+ Kg8 42. Qc4+ 1/2-1/2

[Event "25th European Club Cup Women 2021"]
[Site "Struga"]
[Date "2021.09.22"]
[Round "5.6"]
[White "Dzagnidze, Nana"]
[Black "Radeva, Viktoria"]
[Result "1-0"]
[ECO "C07"]
[WhiteElo "2525"]
[BlackElo "2350"]
[Annotator "ChessBase"]
[PlyCount "89"]
[EventDate "2021.09.18"]
[EventType "team-tourn"]
[EventCountry "MKD"]
[SourceTitle "playchess.com"]
[Source "ChessBase"]
[SourceQuality "1"]
[TimeControl "40/5400+30:1800+30"]

1. e4 e6 2. d4 d5 3. Nd2 c5 4. Ngf3 cxd4 5. exd5 Qxd5 6. Bc4 Qd6 7. O-O Nf6 8. Nb3 Nc6 9. Nbxd4 Nxd4 10. Nxd4 Be7 11. c3 O-O 12. Qf3 Qb6 13. Bb3 Bd7 14. Re1 a5 15. Bg5 Rfe8 16. a4 Rac8 17. h3 h6 18. Bh4 Bd8 19. Qe2 Rc5 20. Bc2 e5 21. Nb5 Bxb5 22. axb5 Rxb5 23. b4 Rd5 24. Bb3 Rd6 25. Rxa5 Nd5 26. Rxd5 Rxd5 27. Bxd5 Bxh4 28. Bxf7+ Kxf7 29. Qh5+ Qg6 30. Qxh4 Kg8 31.
Qc4+ Qf7 32. Qe4 Kf8 33. Re3 Re6 34. f4 exf4 35. Qxe6 fxe3 36. Qc8+ Qe8 37. Qxe8+ Kxe8 38. Kf1 Ke7 39. Ke2 Ke6 40. Kxe3 Kd5 41. Kd3 b5 42. h4 h5 43. g3 g6 44. c4+ bxc4+ 45. Kc3 1-0

[Event "25th European Club Cup Women 2021"]
[Site "Struga"]
[Date "2021.09.22"]
[Round "5.8"]
[White "Paehtz, Elisabeth"]
[Black "Manova, Ivana"]
[Result "1-0"]
[ECO "C77"]
[WhiteElo "2465"]
[BlackElo "1779"]
[Annotator "ChessBase"]
[PlyCount "91"]
[EventDate "2021.09.18"]
[EventType "team-tourn"]
[EventCountry "MKD"]
[SourceTitle "playchess.com"]
[Source "ChessBase"]
[SourceQuality "1"]
[TimeControl "40/5400+30:1800+30"]

1. e4 e5 2. Nf3 Nc6 3. Bb5 a6 4. Ba4 Nf6 5. d3 b5 6. Bb3 Be7 7. a4 Rb8 8. axb5 axb5 9. Nc3 d6 10. Be3 Be6 11. Nd2 d5 12. Bg5 d4 13.
Ne2 Nd7 14. Bxe6 fxe6 15. Bxe7 Qxe7 16. O-O O-O 17. Nb3 Rf6 18. Qd2 Nc5 19. Na5 Nxa5 20. Rxa5 b4 21. f4 Qd6 22. b3 Nd7 23. fxe5 Rxf1+ 24. Kxf1 Nxe5 25. Kg1 Ng4 26. Qf4 Qb6 27. Rg5 Ne3 28. Qe5 g6 29. h4 Kf7 30. h5 Qd6 31. Nxd4 Rd8 32. Nxe6 Qxe5 33. Nxd8+ Kf6 34. Rxe5 Kxe5 35. hxg6 hxg6 36. Nc6+ Kd6 37. Nxb4 c5 38. Kf2 Nd1+ 39. Ke1 Ne3 40. Ke2 Nxg2 41. Nd5 g5 42. Kf2 Nh4 43. Kg3 Ng6 44. Kg4 Ne5+ 45. Kxg5 Nf3+ 46. Kf6 1-0

[Event "25th European Club Cup Women 2021"]
[Site "Struga"]
[Date "2021.09.22"]
[Round "5.9"]
[White "Peycheva, Gergana"]
[Black "Saduakassova, Dinara"]
[Result "1/2-1/2"]
[ECO "E08"]
[WhiteElo "2331"]
[BlackElo "2489"]
[Annotator "ChessBase"]
[PlyCount "31"]
[EventDate "2021.09.18"]
[EventType "team-tourn"]
[EventCountry "MKD"]
[SourceTitle "playchess.com"]
[Source "ChessBase"]
[SourceQuality "1"]
[TimeControl "40/5400+30:1800+30"]

1. d4 Nf6 2. c4 e6 3. g3 d5 4. Nf3 Bb4+ 5. Bd2 Be7 6. Bg2 O-O 7. O-O c6 8. Qc2 b6 9. Rd1 Nbd7 10. Bf4 Bb7 11. Ne5 Nh5 12. Bd2 Nhf6 13. Bf4 Nh5 14. Bd2 Nhf6 15. Bf4 Nh5 16. Bd2 1/2-1/2

[Event "25th European Club Cup Women 2021"]
[Site "Struga"]
[Date "2021.09.22"]
[Round "5.11"]
[White "Djukic, Sandra"]
[Black "Maltsevskaya, Aleksandra"]
[Result "0-1"]
[ECO "E70"]
[WhiteElo "2127"]
[BlackElo "2407"]
[Annotator "NA"]
[PlyCount "82"]
[EventDate "2021.09.18"]
[EventType "team-tourn"]
[EventCountry "MKD"]
[SourceTitle "playchess.com"]
[Source "ChessBase"]
[SourceQuality "1"]
[TimeControl "40/5400+30:1800+30"]

1. d4 Nf6 2. c4 g6 3. Nc3 Bg7 4. e4 d6 5. Bd3 Nc6 6. Nge2 e5 7. d5 Nd4 8. Nxd4 exd4 9. Ne2 O-O 10. O-O Re8 11. f3 c5 12. Bg5 h6 13. Bh4 a6 14. Kh1 Bd7 15.
Qd2 Nxe4 16. Qf4 Nf6 17. Qxd6 g5 18. Be1 Rc8 19. Qg3 b5 20.
b3 Re3 21. Rd1 bxc4 22. bxc4 Qe7 23. Nc1 Nh5 24. Qf2 Nf4 25. Ba5 Re8 26. Rde1 Qd6 27. Be4 f5 28. Bc2 Nh5 29. Bd2 f4 30. Be4 Ng3+ 31. Kg1 Nxe4 32. fxe4 R3xe4 33. Rxe4 Rxe4 34. Re1 Qg6 35. Nb3 Bf8 36. Qf3 Rxe1+ 37. Bxe1 Bd6 38. Qe2 g4 39. Nd2 d3 40. Qf2 Kh7 41. Qh4 Qe8 0-1

[Event "25th European Club Cup Women 2021"]
[Site "Struga"]
[Date "2021.09.22"]
[Round "5.12"]
[White "Solozhenkina, Elizaveta"]
[Black "Trajkovska, Sanja"]
[Result "1-0"]
[ECO "B90"]
[WhiteElo "2311"]
[BlackElo "1968"]
[Annotator "NA"]
[PlyCount "59"]
[EventDate "2021.09.18"]
[EventType "team-tourn"]
[EventCountry "MKD"]
[SourceTitle "playchess.com"]
[Source "ChessBase"]
[SourceQuality "1"]
[TimeControl "40/5400+30:1800+30"]

1. e4 c5 2. Nf3 d6 3. d4 cxd4 4. Nxd4 Nf6 5. Nc3 a6 6. f3 e5 7. Nb3 Be6 8. Be3 Nc6 9. Qd2 Be7 10. O-O-O O-O 11. Kb1 b5 12. g4 Re8 13. Nd5 Bxd5 14. exd5 Na7 15. c4 Nd7 16. Na5 Nb6 17. c5 dxc5 18.
d6 Bf8 19. Nb7 Qd7 20. Nxc5 Qc6 21. Ne4 Nc4 22. Bxc4 bxc4 23. Qd5 Qxd5 24. Rxd5 Nb5 25. a4 Na7 26. d7 Red8 27. Bb6 Nc6 28. Bxd8 Rxd8 29. Rc1 f6 30. Rxc4 1-0

[Event "25th European Club Cup Women 2021"]
[Site "Struga"]
[Date "2021.09.22"]
[Round "5.14"]
[White "Abdumalik, Zhansaya"]
[Black "Atalik, Ekaterina"]
[Result "*"]
[ECO "B10"]
[WhiteElo "2502"]
[BlackElo "2429"]
[Annotator "ChessBase"]
[PlyCount "69"]
[EventDate "2021.09.18"]
[EventType "team-tourn"]
[EventCountry "MKD"]
[SourceTitle "playchess.com"]
[Source "ChessBase"]
[SourceQuality "1"]
[TimeControl "40/5400+30:1800+30"]

1. e4 c6 2. Nf3 d5 3. d3 Qc7 4. exd5 cxd5 5. c4 Nf6 6. Nc3 e6 7. g3 a6 8. Bf4 Bd6 9. Bxd6 Qxd6 10. Bg2 O-O 11. O-O Nc6 12. a3 d4 13.
Nb1 a5 14. Nbd2 e5 15. Re1 Re8 16. Qc2 Bf5 17. Ng5 Rac8 18. Rab1 b6 19. Nge4 Nxe4 20. Nxe4 Bxe4 21. Bxe4 g6 22. b4 axb4 23. axb4 Kg7 24. Qa4 Ne7 25. Qb5 Qc7 26. Ra1 Nf5 27. Bg2 Nd6 28. Qd5 Rcd8 29. Ra6 Re6 30. Rea1 Nc8 31. Qb5 f5 32. c5 Kf6 33. cxb6 Nxb6 34. Ra7 Qc3 35. R1a6 *

[Event "25th European Club Cup Women 2021"]
[Site "Struga"]
[Date "2021.09.22"]
[Round "5.15"]
[White "Bulmaga, Irina"]
[Black "Muzychuk, Mariya"]
[Result "1/2-1/2"]
[ECO "B22"]
[WhiteElo "2407"]
[BlackElo "2540"]
[Annotator "ChessBase"]
[PlyCount "90"]
[EventDate "2021.09.18"]
[EventType "team-tourn"]
[EventCountry "MKD"]
[SourceTitle "playchess.com"]
[Source "ChessBase"]
[SourceQuality "1"]
[TimeControl "40/5400+30:1800+30"]

1. e4 c5 2. c3 Nf6 3. e5 Nd5 4. Nf3 Nc6 5. Bc4 Nb6 6. Bb3 d5 7. exd6 Qxd6 8.
O-O Bf5 9. d4 cxd4 10. Nxd4 Nxd4 11. cxd4 e6 12. Nc3 Be7 13. Qf3 Qd7 14. d5 e5 15. Re1 O-O 16. Rxe5 Bg4 17. Qd3 Rfd8 18. Bd2 Bf6 19. Ree1 Rac8 20. Qg3 Nc4 21. Bxc4 Rxc4 22. h3 Bf5 23. Bg5 Bxc3 24. bxc3 Rdc8 25. Re7 Qxd5 26. Rae1 Re4 27. R1xe4 Bxe4 28. Bf6 Bg6 29. Bd4 f6 30. h4 a6 31. Qg4 Rd8 32. h5 Qxh5 33. Qxh5 Bxh5 34. Rxb7 Be2 35. a4 Rd5 36. Re7 Bd1 37. Ra7 Ra5 38. f4 Rxa4 39. Ra8+ Kf7 40. f5 h5 41. Ra7+ Kg8 42. Ra8+ Kh7 43. Ra7 Kg8 44. Ra8+ Kh7 45. Ra7 Kg8 1/2-1/2

[Event "25th European Club Cup Women 2021"]
[Site "Struga"]
[Date "2021.09.23"]
[Round "6.1"]
[White "Bivol, Alina"]
[Black "Muzychuk, Anna"]
[Result "1/2-1/2"]
[ECO "C48"]
[WhiteElo "2385"]
[BlackElo "2534"]
[Annotator "ChessBase"]
[PlyCount "53"]
[EventDate "2021.09.18"]
[EventType "team-tourn"]
[EventCountry "MKD"]
[SourceTitle "playchess.com"]
[Source "ChessBase"]
[SourceQuality "1"]
[TimeControl "40/5400+30:1800+30"]

1. e4 e5 2. Nf3 Nc6 3. Nc3 Nf6 4. Bb5 Nd4 5. Nxd4 exd4 6.
e5 dxc3 7. exf6 Qxf6 8. dxc3 Bc5 9. Qe2+ Qe7 10. Qxe7+ Kxe7 11. O-O d5 12. Re1+ Be6 13. a4 c6 14. Bd3 Kd7 15. Bf4 Rae8 16.
b4 Bd6 17. Be3 a6 18. f4 g6 19. Kf2 Bf5 20. Bd4 Rhg8 21. Kf3 h5 22. g3 Bg4+ 23. Kf2 Bf5 24. Kf3 Bg4+ 25. Kf2 Bf5 26. Kf3 Bg4+ 27. Kf2 1/2-1/2

[Event "25th European Club Cup Women 2021"]
[Site "Struga"]
[Date "2021.09.23"]
[Round "6.2"]
[White "Muzychuk, Mariya"]
[Black "Heinemann, Josefine"]
[Result "1/2-1/2"]
[ECO "B22"]
[WhiteElo "2540"]
[BlackElo "2292"]
[Annotator "ChessBase"]
[PlyCount "70"]
[EventDate "2021.09.18"]
[EventType "team-tourn"]
[EventCountry "MKD"]
[SourceTitle "playchess.com"]
[Source "ChessBase"]
[SourceQuality "1"]
[TimeControl "40/5400+30:1800+30"]

1. e4 c5 2. c3 Nf6 3. e5 Nd5 4. Nf3 d6 5. exd6 Qxd6 6. d4 cxd4 7. Na3 a6 8.
Nc4 Qd8 9. Nxd4 g6 10. Be2 Bg7 11. Bf3 e6 12. Bxd5 exd5 13. Qe2+ Kf8 14. Ne5 Qe7 15. Bf4 f6 16. Nef3 Qxe2+ 17. Nxe2 Nc6 18. O-O-O Be6 19. Nfd4 Nxd4 20. Nxd4 Bd7 21. Nc2 Be6 22. Nb4 Rd8 23. Rd3 Kf7 24. Rhd1 Rd7 25. Be3 Rhd8 26. g3 d4 27. Bxd4 Bf8 28. Bb6 Rxd3 29. Nxd3 Rd6 30. Bc7 Rc6 31. Ba5 Bxa2 32. Bb4 Bb3 33. Re1 Bxb4 34. Nxb4 Re6 35. Rxe6 Kxe6 1/2-1/2

[Event "25th European Club Cup Women 2021"]
[Site "Struga"]
[Date "2021.09.23"]
[Round "6.3"]
[White "Dordzhieva, Dinara"]
[Black "Osmak, Iulija"]
[Result "1-0"]
[ECO "D11"]
[WhiteElo "2303"]
[BlackElo "2428"]
[Annotator "NA"]
[PlyCount "73"]
[EventDate "2021.09.18"]
[EventType "team-tourn"]
[EventCountry "MKD"]
[SourceTitle "playchess.com"]
[Source "ChessBase"]
[SourceQuality "1"]
[TimeControl "40/5400+30:1800+30"]

1. d4 d5 2. Nf3 Nf6 3. c4 c6 4. g3 Bg4 5. Ne5 Bf5 6. cxd5 cxd5 7. Nc3 Nc6 8. f3 g6 9. Bg2 Bg7 10. e3 O-O 11. O-O Rc8 12. g4 Be6 13.
Nd3 Nd7 14. Nf4 Nb6 15. Nxe6 fxe6 16. f4 Kh8 17. g5 Nc4 18. Qg4 Qd6 19. Nd1 Nb4 20. b3 Nxe3 21. Bxe3 Nc2 22. Rb1 Nxe3 23. Nxe3 Bxd4 24. Rbe1 Rc3 25. Rf3 e5 26. fxe5 Bxe3+ 27. Kh1 Qd8 28. Rfxe3 d4 29. Re4 d3 30. Rd4 Qa5 31. Qe4 Qxa2 32. Rxd3 Qxb3 33. Rd7 Rc2 34. Rxe7 Qc3 35. Rxb7 Qd2 36. e6 Rc1 37. Qe5+ 1-0